 Dungeon Crawl Stone Soup version 0.21.1-1-g345015fe64 (webtiles) character file.

1526 Htamos the Ducker (level 8, -4/50 HPs)
             Began as a Gargoyle Gladiator on July 17, 2018.
             Slain by a two-headed ogre
             ... wielding a +0 giant club
              (25 damage)
             ... on level 7 of the Dungeon.
             The game lasted 00:16:27 (9123 turns).

Htamos the Ducker (Gargoyle Gladiator)              Turns: 9123, Time: 00:16:28

Health: -4/50      AC: 21    Str: 18    XL:     8   Next: 85%
Magic:  17/17      EV: 14    Int:  9    God:
Gold:   195        SH:  0    Dex: 13    Spells: 7/7 levels left

rFire    . . .     SeeInvis .   A - +3 flail (protect)
rCold    . . .     Gourm    .   (no shield)
rNeg     + . .     Faith    .   i - +0 ring mail
rPois    ∞         Spirit   .   c - +0 helmet
rElec    +         Reflect  .   y - +0 cloak
rCorr    +         Harm     .   (no gloves)
MR       .....                  (no boots)
Stlth    +.........             e - amulet of magic regeneration
HPRegen  0.16/turn              r - ring of resist corrosion
MPRegen  0.40/turn              w - ring of magical power

@: protection aura
A: negative energy resistance 1, electricity resistance, unbreathing,
petrification resistance, rot immunity, AC +5
a: no special abilities


You were on level 7 of the Dungeon.
You were not hungry.

You visited 2 branches of the dungeon, and saw 8 of its levels.

You collected 375 gold pieces.
You spent 180 gold pieces at shops.

Inventory:

Hand Weapons
 a - a +1 flail
 g - a -3 broad axe
 q - a +1 dagger of draining
 s - a +0 dagger of speed
 A - a +3 flail of protection (weapon)
 B - a +2 vampiric trident
Missiles
 d - 3 throwing nets (quivered)
Armour
 b - a +0 leather armour
 c - a +0 helmet (worn)
 h - a scarf of spirit shield
 i - a +0 ring mail (worn)
 j - a +0 chain mail
 y - a +0 cloak (worn)
Jewellery
 e - an amulet of magic regeneration (around neck)
 r - a ring of resist corrosion (left hand)
 w - a ring of magical power (right hand)
 z - an uncursed ring of protection from fire {unknown}
Scrolls
 o - 3 scrolls of remove curse
 t - a scroll of identify
 u - 3 scrolls of enchant weapon
Potions
 k - 3 potions of degeneration
 m - a potion of heal wounds {unknown}
 n - a potion of mutation {unknown}
 p - a potion of flight {unknown}
 v - 2 potions of resistance {unknown}
Books
 x - a book of Changes

   Spells                             Type                      Level
   a - Beastly Appendage              Transmutation                1
   b - Sticks to Snakes               Transmutation                2
   c - Spider Form                    Transmutation/Poison         3
   d - Ice Form                       Ice/Transmutation            4
   e - Blade Hands                    Transmutation                5
 D - a book of Conjurations

   Spells                             Type                      Level
   a - Magic Dart                     Conjuration                  1
   b - Searing Ray                    Conjuration                  2
   c - Dazzling Spray                 Conjuration/Hexes            3
   d - Fulminant Prism                Conjuration/Hexes            4
   e - Force Lance                    Conjuration/Translocation    4
   f - Iskenderun's Mystic Blast      Conjuration                  4
Comestibles
 f - 11 rations


   Skills:
 + Level 5.6 Fighting
 + Level 5.7 Maces & Flails
 - Level 1.7 Throwing
 + Level 4.7 Armour
 * Level 6.2 Dodging


You had 7 spell levels left.
You didn't know any spells.

Dungeon Overview and Level Annotations

Branches:
Dungeon (7/15)             Temple (1/1) D:5

Altars:
Ashenzari
Cheibriados
Dithmenos
Elyvilon
Fedhas
Kikubaaqudgha
Makhleb
Ru
Sif Muna
Trog
Uskayaw
Vehumet
Xom
Zin

Shops:
D:5 ?

Annotations:
D:4 GotenAND's ghost, amateur GrFi


Innate Abilities, Weirdness & Mutations

You are resistant to torment.
Your stone body is resilient. (AC +5)
You are immune to poison.
You resist negative energy. (rN+)
You are resistant to electric shocks. (rElec)
You can survive without breathing.
You are immune to petrification.
You are immune to rotting.


Message History

The two-headed ogre hits you with a giant club!
The two-headed ogre closely misses you.
You hit the two-headed ogre.
The two-headed ogre is moderately wounded.
The two-headed ogre completely misses you.
The two-headed ogre hits you with a giant club!
You sock the two-headed ogre!
The two-headed ogre is heavily wounded.
The two-headed ogre misses you.
The two-headed ogre hits you with a giant club.
You sock the two-headed ogre!
The two-headed ogre is severely wounded.
The two-headed ogre closely misses you.
The two-headed ogre hits you with a giant club!
* * * LOW HITPOINT WARNING * * *
You hit the two-headed ogre.
The two-headed ogre is severely wounded.
The two-headed ogre hits you with a giant club!!
Ouch! That really hurt!
You die...

#..### #.)[......##.
######....#
#######..##.###.#..
....><....#
#..........#.......
######.#..#
#.##.....##.###.#..
#.#..###(##.#..........##.
#........##.#..###.##..#..
#.#####.###.#..# #.##.....
#. #........###.###.#.. #.
#.O@..##.........##. #.
#.##########.######. #.#
#........ ..# #########
###


You could see a two-headed ogre.

Vanquished Creatures
  2 phantoms
  A black bear (D:6)
  An ogre (D:5)
  A bullfrog (D:6)
  A scorpion (D:2)
  A howler monkey (D:4)
  A bullfrog zombie (D:7)
  3 centaur zombies
  A quasit (D:6)
  4 hounds
  Crazy Yiuf (D:6)
  6 orc priests
  An orc wizard (D:5)
  8 worker ants
  2 hound skeletons
  A worker ant zombie (D:6)
  11 adders
  An ooze (D:1)
  2 adder skeletons
  An adder zombie (D:5)
  2 worms (D:2)
  2 dart slugs (D:1)
  2 leopard geckos
  27 orcs
  11 bats
  8 giant cockroaches
  10 goblins
  6 hobgoblins
  9 jackals
  14 kobolds
  4 quokkas
  A ball python (D:1)
  8 frilled lizards
  7 rats
161 creatures vanquished.

Notes
Turn   | Place    | Note
-------+----------+-------------------------------------------
     0 | D:1      | Htamos the Gargoyle Gladiator began the quest for the Orb.
     0 | D:1      | Reached XP level 1. HP: 12/12 MP: 1/1
    66 | D:1      | Reached XP level 2. HP: 16/18 MP: 2/2
   379 | D:1      | Reached XP level 3. HP: 22/22 MP: 3/3
   385 | D:1      | Reached skill level 3 in Dodging
  1329 | D:2      | Reached XP level 4. HP: 27/27 MP: 4/4
  1449 | D:2      | Found a blossoming altar of Fedhas.
  2245 | D:2      | Reached skill level 1 in Armour
  2245 | D:2      | Reached XP level 5. HP: 20/32 MP: 5/5
  3212 | D:3      | Reached skill level 4 in Dodging
  3212 | D:3      | Reached XP level 6. HP: 36/37 MP: 6/6
  3829 | D:4      | Noticed GotenAND's ghost (amateur GrFi)
  4527 | D:4      | Noticed a phantom
  4562 | D:4      | Killed a phantom
  4562 | D:4      | Reached XP level 7. HP: 41/43 MP: 7/7
  4793 | D:4      | Found a shadowy altar of Dithmenos.
  4936 | D:5      | Entered Level 5 of the Dungeon
  5025 | D:5      | Found Har Seid's Magic Scroll Boutique.
  5061 | D:5      | Bought a scroll of enchant weapon for 90 gold pieces
  5061 | D:5      | Bought a scroll of enchant weapon for 90 gold pieces
  5249 | D:5      | Found a staircase to the Ecumenical Temple.
  5642 | D:6      | Reached skill level 5 in Dodging
  6073 | D:6      | Found a sacrificial altar of Ru.
  6492 | D:6      | Reached XP level 8. HP: 44/48 MP: 8/8
  6550 | D:6      | Reached skill level 5 in Maces & Flails
  6808 | D:6      | Reached skill level 5 in Fighting
  7000 | D:6      | Found a runed door.
  7173 | D:6      | Noticed Crazy Yiuf
  7189 | D:6      | Killed Crazy Yiuf
  7888 | Temple   | Entered the Ecumenical Temple
  8189 | D:7      | Found a shattered altar of Ashenzari.
  8580 | D:7      | Reached skill level 6 in Dodging
  9070 | D:7      | Noticed a two-headed ogre
  9123 | D:7      | Slain by a two-headed ogre

Skill      XL: |  1  2  3  4  5  6  7  8 |
---------------+-------------------------+-----
Dodging        | 3 4 5 6 |  6.2
Fighting       | 3 4 5 |  5.6
Armour         | 1 2 3 4 |  4.7
Maces & Flails | 4 5 |  5.7
Throwing       | |  1.7

Action                   |  1- 3 |  4- 6 |  7- 9 || total
-------------------------+-------+-------+-------++-------
Melee: Flail             |   154 |   290 |   378 ||   822
       Dagger            |       |    66 |    13 ||    79
  Use: Potion            |       |     2 |     3 ||     5
       Scroll            |       |     7 |     4 ||    11
 Stab: Invisible         |       |       |     1 ||     1
  Eat: Chunk             |     2 |    11 |    11 ||    24
       Ration            |       |       |     1 ||     1
Armor: Leather armour    |    63 |       |       ||    63
       Ring mail         |    16 |   215 |   240 ||   471
       Skin              |       |    28 |       ||    28
Dodge: Dodged            |   149 |   283 |   378 ||   810
